 Dungeon Crawl Stone Soup version 0.20.1-1-g8b1a95d66d (webtiles) character file.

397 Gargoyl the Skirmisher (level 6, -3/52 HPs)
             Began as a Centaur Abyssal Knight on Jan 3, 2018.
             Was a Believer of Lugonu.
             Slain by a gnoll
             ... wielding a +0 flail
              (5 damage)
             ... on level 3 of the Dungeon.
             The game lasted 00:05:55 (3044 turns).

Gargoyl the Skirmisher (Centaur Abyssal Knight)     Turns: 3044, Time: 00:05:57

Health: -3/52      AC: 12    Str: 24    XL:     6   Next: 53%
Magic:  7/8        EV:  9    Int: 16    God:    Lugonu [**....]
Gold:   145        SH:  0    Dex: 10    Spells: 5/5 levels left

rFire    . . .     SeeInvis .   a - +2 hand axe
rCold    + . .     Gourm    .   (no shield)
rNeg     . . .     Faith    .   d - +5 ring mail "Gacigg" {rC+ Str+4}
rPois    .         Spirit   .   l - +0 helmet
rElec    .         Reflect  .   (no cloak)
rCorr    .         Harm     .   (no gloves)
MR       .....                  (no barding)
Stlth    ..........             (no amulet)
Regen    0.2/turn               (no ring)
MPRegen  0.2/turn               (no ring)

@: mighty, brilliant, berserk cooldown, slowed
A: hooves 3, deformed body, speed 2, tough skin 3
a: Depart the Abyss, Bend Space, Renounce Religion


You were on level 3 of the Dungeon.
You worshipped Lugonu.
Lugonu was pleased with you.
You were hungry.

You visited 1 branch of the dungeon, and saw 3 of its levels.
You visited the Abyss 1 time.

You collected 145 gold pieces.

Inventory:

Hand Weapons
 a - a +2 hand axe (weapon)
Armour
 d - the +5 ring mail "Gacigg" (worn) {rC+ Str+4}
   (You found it on level 2 of the Abyss)

   It affects your strength (+4).
   It protects you from cold.
 l - a +0 helmet (worn)
Scrolls
 h - 2 scrolls of identify
Potions
 b - a potion of agility
 i - a potion of degeneration {unknown}
 k - a potion of haste {unknown}
 m - a potion of resistance {unknown}
 s - a potion of heal wounds {unknown}
Books
 r - a book of Cantrips

   Spells                             Type                      Level
   a - Confusing Touch                Hexes                        1
   b - Animate Skeleton               Necromancy                   1
   c - Summon Small Mammal            Summoning                    1
   d - Apportation                    Translocation                1
Comestibles
 c - 3 bread rations
 f - a meat ration
 n - 7 chunks of flesh


   Skills:
 + Level 4.0 Fighting
 + Level 3.4 Axes
 * Level 3.3 Armour
 + Level 1.2 Dodging
 * Level 3.5 Invocations


You had 5 spell levels left.
You didn't know any spells.

Dungeon Overview and Level Annotations

Branches:
Dungeon (3/15)

Altars:
Gozag

Shops:
D:2 *


Innate Abilities, Weirdness & Mutations

You have hooves in place of feet.
Armour fits poorly on your strangely shaped body.
You cover ground very quickly.
You have extremely tough skin. (AC +3)


Message History

The gnoll moves out of view.
The gnoll hits you but does no damage.
You slash the gnoll!
You kill the gnoll!
Lugonu accepts your kill.
You feel a strong urge to attack something.
You are no longer berserk.
You are exhausted.
You feel yourself slow down.
Okay, then.
Okay, then.
It was a potion of brilliance.
You feel clever all of a sudden. Space bends around you!
You blink. 3 gnolls and a gnoll shaman come into view.
The gnoll shouts!
The gnoll shaman shouts!
The gnoll barely misses you. The gnoll hits you but does no damage.
The gnoll shaman hits you with a whip!
* * * LOW HITPOINT WARNING * * *
The gnoll hits you with a flail.
You die...

........)..#'###
...........).#
...........#.#
################.#
........'.#......#
........#.#..(...#
.......g#$##)###.#
..g...gg#$#....#.#
######@###.)..#.#
#§.Ogg...'....#'###
###############)).#
#...# ##### ≈≈≈≈
≈≈h≈≈≈≈ .......P..
...........


You could see an ogre, a gnoll shaman and 5 gnolls.

Vanquished Creatures
  4 gnoll shamans (D:3)
  An orc priest (D:2)
  An orc wizard (D:3)
  16 gnolls (D:3)
  An adder (D:2)
  A worm (D:3)
  2 dart slugs
  4 leopard geckos
  5 orcs
  A giant cockroach (D:1)
  A goblin (D:1)
  3 hobgoblins (D:1)
  7 jackals
  A quokka (D:2)
  5 bats
  A frilled lizard (D:2)
  7 kobolds
  8 rats
69 creatures vanquished.

Notes
Turn   | Place    | Note
-------+----------+-------------------------------------------
     0 | Abyss:1  | Gargoyl the Centaur Abyssal Knight began the quest for the Orb.
     0 | Abyss:1  | Reached XP level 1. HP: 19/19 MP: 2/2
    35 | Abyss:1  | Noticed a large abomination
    64 | Abyss:2  | Got a faintly glowing ring mail
    75 | Abyss:2  | Identified the +5 ring mail "Gacigg" {rC+ Str+4} (You found it on level 2 of the Abyss)
   107 | Abyss:2  | Noticed an ice beast
   109 | D:1      | Escaped the Abyss
   415 | D:1      | Reached XP level 2. HP: 24/26 MP: 3/3
   659 | D:1      | Reached * piety under Lugonu
   978 | D:2      | Reached XP level 3. HP: 28/33 MP: 4/4
  1157 | D:2      | Found an opulent altar of Gozag.
  1160 | D:2      | Found Gozag's Platinum Reserve.
  1567 | D:3      | Reached XP level 4. HP: 30/40 MP: 5/5
  1770 | D:2      | Reached skill level 1 in Dodging
  1887 | D:3      | Reached XP level 5. HP: 23/46 MP: 5/7
  2246 | D:3      | Reached ** piety under Lugonu
  2246 | D:3      | Reached skill level 4 in Fighting
  2765 | D:3      | Reached XP level 6. HP: 41/52 MP: 8/8
  3044 | D:3      | HP: 2/52 [gnoll shaman/whip (7)]
  3044 | D:3      | Slain by a gnoll

Skill      XL: |  1  2  3  4  5  6 |
---------------+-------------------+-----
Axes           | 2 3 |  3.4
Armour         | 2 3 |  3.3
Dodging        | 1 |  1.2
Fighting       | 4 |  4.0
Invocations    | 3 |  3.5

Action                   |  1- 3 |  4- 6 || total
-------------------------+-------+-------++-------
Melee: Hand axe          |    77 |   112 ||   189
       Kick              |    17 |    32 ||    49
Invok: Depart the Abyss  |     1 |       ||     1
       Bend Space        |       |     1 ||     1
  Use: Scroll            |     6 |     3 ||     9
       Potion            |     1 |     3 ||     4
  Eat: Chunk             |     1 |     4 ||     5
Armor: Ring mail         |    56 |    73 ||   129
Dodge: Dodged            |    42 |    64 ||   106
Block: Shield            |     2 |       ||     2
